 Dungeon Crawl Stone Soup version 0.26.1-2-gb8aa6d0cf2 (webtiles) character file.

Game seed: 14327957014342286675

238 Chiseanne the Skirmisher (level 5, -1/43 HPs)
             Began as a Demonspawn Wanderer on Mar 3, 2021.
             Killed from afar by an orc wizard (8 damage)
             ... with a magic dart
             ... on level 3 of the Dungeon.
             The game lasted 00:03:56 (3148 turns).

Chiseanne the Skirmisher (Demonspawn Wanderer)      Turns: 3148, Time: 00:03:56

Health: -1/43      AC:  8    Str: 10    XL:     5   Next: 78%
Magic:  5/5        EV:  9    Int: 17    God:
Gold:   98         SH:  0    Dex: 12    Spells: 4/4 levels left

rFire    . . .     SeeInvis .   a - +2 mace (drain)
rCold    . . .     Faith    .   (no shield)
rNeg     . . .     Spirit   .   l - +0 scale mail
rPois    .         Reflect  .   (no helmet)
rElec    .         Harm     .   (no cloak)
rCorr    .         Rampage  .   (no gloves)
Will     .....                  (no boots)
Stlth    ..........             (no amulet)
HPRegen  0.14/turn              (no ring)
MPRegen  0.09/turn              (no ring)

@: slowed, very slow
A: iridescent scales 1, miasma immunity
a: no special abilities


You were on level 3 of the Dungeon.
You visited 1 branch of the dungeon, and saw 3 of its levels.

You collected 98 gold pieces.

Inventory:

Hand Weapons
 a - a +2 mace of draining (weapon)
Missiles
 c - 43 sling bullets
 f - 25 stones
 h - 4 curare-tipped darts (quivered)
 i - 19 arrows
 p - 13 bolts
Armour
 d - a +0 robe
 l - a +0 scale mail (worn)
Jewellery
 g - an uncursed ring of ice
Scrolls
 e - a scroll of remove curse
Potions
 j - 3 potions of brilliance
 n - 2 potions of ambrosia
 o - a potion of attraction {unknown}
 q - 2 potions of flight


   Skills:
 * Level 4.6 Fighting
 * Level 3.2 Armour
 * Level 2.9 Dodging
 - Level 1.0 Stealth
 - Level 2.1 Necromancy
 - Level 1.0 Ice Magic
 - Level 1.0 Evocations


You had 4 spell levels left.
You didn't know any spells.
Your spell library contained the following spells:

 Spells                   Type           Power        Failure   Level
 Animate Skeleton         Necr           14%          52%         1
 Pain                     Necr           28%          52%         1
 Apportation              Tloc           0%           83%         1
 Vampiric Draining        Necr           3%           88%         3
 Gell's Gravitas          Tloc           0%           99%         3
 Animate Dead             Necr           3%           99%         4
 Agony                    Necr           7%           100%        5


Dungeon Overview and Level Annotations

Branches:
Dungeon (3/15)

Altars:


Innate Abilities, Weirdness & Mutations

You are partially covered in iridescent scales. (AC +2)
You are immune to miasma.


Message History

The orc wizard barely misses you.
The orc wizard casts a spell.
The orc wizard blinks!
The orc hits you but does no damage.
The orc wizard gestures wildly while chanting.
The orc wizard blinks!
The orc closely misses you.
Things that are here:
a +2 antimagic spear; an orc corpse You hit the orc but do no damage.
You drain the orc.
The orc is moderately wounded.
The leopard gecko bites you but does no damage.
The orc hits you but does no damage. The leopard gecko closely misses you.
The orc hits you but does no damage.
You hit the orc.
The orc is moderately wounded.
The leopard gecko barely misses you. The orc barely misses you.
The leopard gecko barely misses you. The orc wizard casts a spell at you.
The magic dart hits you!
You die...

*,,,,,,,,,,,..g.....,,#**,**
*,******,,,,.#.........,*,*
*,*
*,,,,,,,........###########
*,*
*,*,,*,,#...##..##.........
*,*
*,*,,*,,,..>.....+.........
*,*
*,*,,*,,##..##..##.........
*,*
*,*,**,*#).o....##.........
***
*,,,,,,*#)####.###.........
*,*,****#o@l...............
*,*,* #)####.............
*,*,* #.#*,#.........#...
**#.#####.#*,#.........#...
#.....o.#*,#.........#...
#######....#....l....#...
#.####.........#... #.#
##......###... #.# #......#
#...


You could see an orc wizard (fast, drained), an orc (drained) and a leopard
gecko.

Vanquished Creatures
  An ice beast (D:3)
  An orc wizard (D:3)
  A worker ant (D:3)
  3 adders
  An ooze (D:1)
  A worm (D:3)
  A dart slug (D:3)
  A leopard gecko (D:1)
  6 orcs (D:3)
  2 giant cockroaches
  7 goblins
  9 hobgoblins
  3 jackals (D:2)
  4 ball pythons (D:2)
  6 bats
  2 frilled lizards
  5 kobolds
  2 rats (D:3)
56 creatures vanquished.

Vanquished Creatures (others)
  5 toadstools (D:1)
5 creatures vanquished.

Grand Total: 61 creatures vanquished

Notes
Turn   | Place    | Note
-------+----------+-------------------------------------------
     0 | D:1      | Chiseanne the Demonspawn Wanderer began the quest for the
                  | Orb.
     0 | D:1      | Chiseanne set off with the following items: a +0 spear, a
                  | +0 robe; and the following spells available to memorise:
                  | Animate Skeleton, Pain, Apportation, Vampiric Draining,
                  | Gell's Gravitas, Animate Dead, Agony
     0 | D:1      | Reached XP level 1. HP: 18/18 MP: 1/1
   209 | D:1      | Reached skill level 1 in Dodging
   209 | D:1      | Gained mutation: You are partially covered in iridescent
                  | scales. (AC +2) [demonic ancestry]
   209 | D:1      | Reached XP level 2. HP: 24/24 MP: 2/2
  1546 | D:2      | Reached XP level 3. HP: 29/29 MP: 3/3
  2522 | D:3      | Reached skill level 4 in Fighting
  2522 | D:3      | Gained mutation: You are immune to miasma. [demonic
                  | ancestry]
  2522 | D:3      | Reached XP level 4. HP: 27/37 MP: 4/4
  2781 | D:3      | Noticed an ice beast
  2791 | D:3      | Killed an ice beast
  2792 | D:3      | Reached XP level 5. HP: 18/43 MP: 5/5
  3148 | D:3      | Killed from afar by an orc wizard

Illustrated notes

Levels and vault maps discovered:
D:1:      ldierk_walled_garden, layout_basic
D:2:      layout_loops_corners
D:3:      layout_basic, uniq_crazy_yiuf_cottage

Skill      XL: |  1  2  3  4 |
---------------+-------------+-----
Dodging        | 1 2 |  2.9
Armour         | 2 3 |  3.2
Fighting       | 4 |  4.6
Stealth        | |  1.0
Necromancy     | |  2.1
Ice Magic      | |  1.0
Evocations     | |  1.0

Action                   |  1- 3 |  4- 6 || total
-------------------------+-------+-------++-------
Melee: Spear             |   162 |       ||   162
       Mace              |    20 |    55 ||    75
Throw: Dart              |       |     3 ||     3
  Use: Scroll            |       |     6 ||     6
 Stab: Sleeping          |     1 |       ||     1
Armor: Robe              |     9 |       ||     9
       Scale mail        |    70 |    44 ||   114
Dodge: Dodged            |    73 |    33 ||   106
